 Dungeon Crawl Stone Soup version 0.25.0-46-gbd7b0854d2 (webtiles) character file.

Game seed: 210521095738492619

51 AvylaarBelgium the Magician (level 3, -4/19 HPs)
             Began as a Deep Elf Air Elementalist on July 12, 2020.
             Slain by an orc
             ... wielding a +0 flail
              (12 damage)
             ... on level 2 of the Dungeon.
             The game lasted 00:01:41 (897 turns).

AvylaarBelgium the Magician (DEAE)                   Turns: 897, Time: 00:01:42

Health: -4/19      AC:  2    Str:  5    XL:     3   Next: 58%
Magic:  2/10       EV: 13    Int: 20    God:
Gold:   59         SH:  0    Dex: 15    Spells: 4/10 levels left

rFire    . . .     SeeInvis .   n - +0 short sword
rCold    . . .     Gourm    .   (no shield)
rNeg     . . .     Faith    .   a - +0 robe
rPois    .         Spirit   .   (no helmet)
rElec    .         Reflect  .   (no cloak)
rCorr    .         Harm     .   (no gloves)
MR       .....                  (no boots)
Stlth    ++........             (no amulet)
HPRegen  0.06/turn              (no ring)
MPRegen  0.12/turn              (no ring)

@: lethally poisoned (-4 -> -16)
A: no striking features
a: no special abilities


You were on level 2 of the Dungeon.
You were not hungry.

You visited 1 branch of the dungeon, and saw 2 of its levels.

You collected 59 gold pieces.

Inventory:

Hand Weapons
 h - a +0 hunting sling
 n - a +0 short sword (weapon)
Missiles
 g - 6 poisoned darts (quivered)
Armour
 a - a +0 robe (worn)
 k - a cursed +0 leather armour
Scrolls
 d - a scroll of teleportation {unknown}
 f - a scroll of identify {unknown}
 m - a scroll of fear {unknown}
Potions
 i - a potion of lignification {unknown}
 j - 2 potions of heal wounds {unknown}
 l - a potion of mutation {unknown}
Comestibles
 c - 2 rations


   Skills:
 - Level 2.4 Dodging
 - Level 2.4 Stealth
 + Level 4.0 Spellcasting
 + Level 2.3 Conjurations
 + Level 3.6 Air Magic


You had 4 spell levels left.
You knew the following spells:

 Your Spells              Type           Power        Failure   Level  Hunger
a - Shock                 Conj/Air       ###.         3%          1    None
b - Swiftness             Chrm/Air       ##......     10%         2    #......
c - Static Discharge      Conj/Air       ###.....     12%         3    ###....

Your spell library contained the following spells:

 Spells                   Type           Power        Failure   Level  Hunger
 Airstrike                Air            ###.......   28%         4    ####...
 Lightning Bolt           Conj/Air       ###.......   71%         5    ######.


Dungeon Overview and Level Annotations

Branches:
Dungeon (2/15)

Altars:
Fedhas


Message History

The adder poisons you! The orc misses you.
Casting: Shock (safe; 4% risk of failure)
Confirm with . or Enter, or press ? or * to list all spells.
Aiming: Shock (safe; 4% risk of failure)
Press: ? - help, Shift-Dir - straight line, f/p - adder
Aim: an adder (severely wounded)
The zap misses the adder.
You feel sick. The adder bites you.
You are lethally poisoned!
The adder poisons you!
Casting: Shock (safe; 4% risk of failure)
Confirm with . or Enter, or press ? or * to list all spells.
Aiming: Shock (safe; 4% risk of failure)
Press: ? - help, Shift-Dir - straight line, f/p - adder
Aim: an adder (severely wounded)
The zap hits the adder.
You kill the adder!
Your Spellcasting skill increases to level 4!
You feel sick. The orc hits you with a +0 flail!
Ouch! That really hurt!
You die...

##..........#
#.......).....#
#(##..........#
..........[..##
#...........' #
#...(.......# ##.
#..........## #+#
...##........o..##.#
#.#.#### #..........@†....#
#.#.#... #........###.P.P.#
#.#.....
#....#######.._..####.###.#.
#.....# ...#.P.P..........#.
#####.##...#..........######
#####..#...##.........##....
+......+...+ ..........(....
######.#...# ............##.
#.....# ##########.##.


You could see an orc.

Vanquished Creatures
  2 adders (D:2)
  A dart slug (D:1)
  2 leopard geckos (D:1)
  A ball python (D:1)
  A giant cockroach (D:1)
  2 goblins
  6 hobgoblins
  3 bats (D:1)
  4 frilled lizards
  2 kobolds (D:1)
  6 rats
30 creatures vanquished.

Notes
Turn   | Place    | Note
-------+----------+-------------------------------------------
     0 | D:1      | AvylaarBelgium the Deep Elf Air Elementalist began the
                  | quest for the Orb.
     0 | D:1      | Reached XP level 1. HP: 10/10 MP: 6/6
   160 | D:1      | Reached XP level 2. HP: 15/15 MP: 2/8
   668 | D:1      | Reached XP level 3. HP: 19/19 MP: 7/10
   747 | D:2      | Found a blossoming altar of Fedhas.
   883 | D:2      | Learned a level 3 spell: Static Discharge
   886 | D:2      | Learned a level 2 spell: Swiftness
   897 | D:2      | Reached skill level 4 in Spellcasting
   897 | D:2      | Slain by an orc

Illustrated notes

Levels and vault maps discovered:
D:1:      minmay_arrival_checkered_box, layout_basic
D:2:      layout_basic, fedhas_altar_1

Skill      XL: |  1  2  3 |
---------------+----------+-----
Conjurations   | 2 |  2.3
Spellcasting   | 4 |  4.0
Dodging        | |  2.4
Stealth        | |  2.4
Air Magic      | |  3.6

Action                   || total
-------------------------++-------
Melee: Dagger            ||    27
       Short sword       ||     8
 Cast: Shock             ||    45
 Stab: Sleeping          ||     2
Armor: Robe              ||     3
Dodge: Dodged            ||    32
